 Dungeon Crawl Stone Soup version 0.18.1-47-g9310371 (webtiles) character file.

335 matakusis the Grave Robber (level 6, -6/43 HPs)
             Began as a Demonspawn Necromancer on June 15, 2016.
             Mangled by a small abomination (10 damage)
             ... on level 1 of the Abyss.
             The game lasted 00:19:41 (3661 turns).

matakusis the Grave Robber (Demonspawn Necromancer) Turns: 3661, Time: 00:19:41

Health: -6/43      AC:  6    Str:  9    XL:     6   Next: 28%
Magic:  12/12      EV: 12    Int: 18    God:
Gold:   202        SH:  0    Dex: 13    Spells: 4 memorised, 3 levels left

rFire  . . .     SeeInvis .     v - +2 quarterstaff (chaos)
rCold  . . .     Gourm    .     a - +0 robe
rNeg   . . .     Faith    .     (shield currently unavailable)
rPois  .         Spirit   .     (no helmet)
rElec  .         Dismiss  .     w - +0 cloak
rCorr  .         Reflect  .     (no gloves)
SustAt .         Harm     .     r - +0 pair of boots
MR     +....                    (no amulet)
Stlth  +++.......               (no ring)
                                (no ring)

@: somewhat resistant to hostile enchantments, fairly stealthy
A: rugged brown scales 2, magic resistance 1, nightstalker 1
a: no special abilities


You were on level 1 of the Abyss.
You were not hungry.

You visited 2 branches of the dungeon, and saw 5 of its levels.
You visited the Abyss 1 time.

You collected 202 gold pieces.

Inventory:

Hand Weapons
 e - a +0 short sword
 v - a +2 quarterstaff of chaos (weapon)
Armour
 a - a +0 robe (worn)
 o - a +0 buckler
 r - a +0 pair of boots (worn)
 w - a +0 cloak (worn)
Jewellery
 k - an uncursed ring of ice
 n - an uncursed ring of ice
Wands
 s - a wand of iceblast (4/15)
Scrolls
 h - 2 scrolls of remove curse
 m - 3 scrolls of identify
 q - 3 scrolls of immolation
Potions
 d - a potion of ambrosia
 l - 2 potions of lignification
Books
 b - a book of Necromancy

   Spells                             Type                      Level
   a - Pain                           Necromancy                   1
   b - Animate Skeleton               Necromancy                   1
   c - Vampiric Draining              Necromancy                   3
   d - Regeneration                   Charms/Necromancy            3
   e - Animate Dead                   Necromancy                   4
   f - Control Undead                 Necromancy                   4
 f - a book of Alchemy

   Spells                             Type                      Level
   a - Sublimation of Blood           Necromancy                   2
   b - Ignite Poison                  Fire/Transmutation/Poison    3
   c - Petrify                        Transmutation/Earth          4
   d - Alistair's Intoxication        Transmutation/Poison         5
   e - Irradiate                      Conjuration/Transmutation    5
Comestibles
 c - 4 bread rations
 g - a slice of pizza
 i - a beef jerky
 j - a meat ration


   Skills:
 + Level 0.1 Staves
 - Level 1.9 Dodging
 - Level 1.8 Stealth
 - Level 1.4 Shields
 + Level 4.1 Spellcasting
 + Level 6.6 Necromancy


You had 3 spell levels left.
You knew the following spells:

 Your Spells              Type           Power        Failure   Level  Hunger
a - Pain                  Necr           ####         1%          1    None
b - Animate Skeleton      Necr           N/A          1%          1    None
c - Animate Dead          Necr           N/A          12%         4    ####...
d - Control Undead        Necr           ####......   12%         4    ####...


Dungeon Overview and Level Annotations

Branches:
Dungeon (4/15)             Temple (1/1) D:4

Altars:
Cheibriados
Dithmenos
Elyvilon
Fedhas
Gozag
Nemelex Xobeh
Okawaru
Pakellas
Qazlal
Ru
Sif Muna
Trog
Vehumet
Xom
Yredelemnul
Zin
The Shining One


Innate Abilities, Weirdness & Mutations

You are mostly covered in rugged brown scales (AC +2, +5% HP).
You are slightly more attuned to the shadows.
You are resistant to hostile enchantments.


Message History

Read which item? (? for menu, Esc to quit)
Blink to where?
Press: ? - help, Dir - move target cursor You are very lightly contaminated with residual magic.
As you read the scroll of blinking, it crumbles to dust.
You feel yourself growing ill in the presence of the ancient zyme.
An ancient zyme comes into view.
The large abomination misses you.
A small abomination comes into view.
The large abomination misses you. The large abomination hits you.
The large abomination hits you!
The large abomination closely misses you.
The large abomination hits you!
* * * LOW HITPOINT WARNING * * *
The small abomination hits you.
* * * LOW HITPOINT WARNING * * *
Your magical contamination has completely faded away.
The small abomination hits you!
You die...

..##.#.#.##...#.#
#.#. ##...#.....#
.#......#.#..#. .
.#........# #. ..
..#....#.# #. #.
...#...#.#
#.##.#.#.#
#.#X#.####
#@#....#
#.#x..##.#
#...##.#.# ##..#
.# # ##.. ## ###


You could see a small abomination.

Vanquished Creatures
  A hound (D:3)
  Crazy Yiuf (D:2)
  An iguana (D:4)
  Natasha (thrice) (D:2)
  A gnoll (D:4)
  4 adders
  2 worms (D:2)
  2 dart slugs (D:3)
  3 giant geckos
  4 orcs (D:3)
  A ball python (D:2)
  8 bats
  2 giant cockroaches
  8 goblins
  5 hobgoblins
  3 jackals (D:1)
  2 quokkas
  3 giant newts
  7 kobolds
  4 rats
65 creatures vanquished.

Vanquished Creatures (collateral kills)
  An ogre (D:3)
  An adder (D:2)
  A giant gecko (D:1)
  A hobgoblin (D:2)
  A kobold (D:1)
5 creatures vanquished.

Grand Total: 70 creatures vanquished

Notes
Turn   | Place    | Note
--------------------------------------------------------------
     0 | D:1      | matakusis the Demonspawn Necromancer began the quest for the Orb.
     0 | D:1      | Reached XP level 1. HP: 13/13 MP: 3/3
     8 | D:1      | Learned a level 1 spell: Animate Skeleton
   153 | D:1      | Gained mutation: You are partially covered in rugged brown scales (AC +1, +3% HP). [demonic ancestry]
   153 | D:1      | Reached XP level 2. HP: 11/19 MP: 1/5
   565 | D:1      | Reached skill level 5 in Necromancy
   681 | D:2      | Gained mutation: You are mostly covered in rugged brown scales (AC +2, +5% HP). [demonic ancestry]
   681 | D:2      | Reached XP level 3. HP: 16/25 MP: 1/6
   747 | D:2      | Noticed Natasha
   942 | D:2      | Found a shadowy altar of Dithmenos.
  1150 | D:2      | Killed Natasha
  1150 | D:2      | Gained mutation: You are slightly more attuned to the shadows. [demonic ancestry]
  1150 | D:2      | Reached XP level 4. HP: 20/31 MP: 3/8
  1277 | D:2      | Learned a level 4 spell: Animate Dead
  1306 | D:2      | Noticed Natasha
  1322 | D:2      | Killed Natasha
  1322 | D:2      | Reached skill level 1 in Shields
  1763 | D:2      | Noticed Natasha
  1775 | D:2      | Killed Natasha
  1775 | D:2      | Reached XP level 5. HP: 25/36 MP: 5/10
  1821 | D:2      | Noticed Crazy Yiuf
  1830 | D:2      | Killed Crazy Yiuf
  1926 | D:2      | Gained mutation: You are resistant to hostile enchantments. [potion of beneficial mutation]
  2126 | D:3      | Noticed an ogre
  2135 | D:3      | Killed an ogre
  2135 | D:3      | Reached skill level 6 in Necromancy
  2377 | D:3      | Reached XP level 6. HP: 39/43 MP: 7/12
  2922 | D:3      | Learned a level 4 spell: Control Undead
  3254 | D:4      | Found a staircase to the Ecumenical Temple.
  3262 | Temple   | Entered the Ecumenical Temple
  3533 | D:4      | Cast into level 1 of the Abyss (gnoll)
  3571 | Abyss:1  | Noticed a wretched star
  3606 | Abyss:1  | Noticed a large abomination
  3610 | Abyss:1  | Noticed a starcursed mass
  3630 | Abyss:1  | Noticed an ancient zyme
  3644 | Abyss:1  | Noticed a small abomination
  3661 | Abyss:1  | Mangled by a small abomination

Skill      XL: |  1  2  3  4  5 |
---------------+----------------+-----
Necromancy     | 5 6 |  6.6
Spellcasting   | 3 4 |  4.1
Shields        | 1 |  1.4
Staves         | |  0.1
Dodging        | |  1.9
Stealth        | |  1.8

Action                   |  1- 3 |  4- 6 || total
-------------------------+-------+-------++-------
Melee: Short sword       |     3 |       ||     3
       Quarterstaff      |       |     3 ||     3
 Cast: Pain              |    52 |    83 ||   135
       Animate Skeleton  |    16 |     1 ||    17
       Animate Dead      |       |    13 ||    13
  Use: Scroll            |       |    13 ||    13
       Potion            |       |     3 ||     3
 Stab: Sleeping          |       |     2 ||     2
  Eat: Chunk             |     1 |     7 ||     8
       Meat ration       |       |     1 ||     1
Armor: Robe              |     4 |     4 ||     8
Dodge: Dodged            |     4 |     8 ||    12
Block: Buckler           |     2 |       ||     2
